 Dungeon Crawl Stone Soup version 0.26-a0-774-g1415c89e12 (webtiles) character file.

Game seed: 1276624084476751204

108 Kinoniko the Slasher (level 4, -1/40 HPs)
             Began as a Draconian Monk on Nov 9, 2020.
             Slain by an orc priest
             ... wielding a +0 short sword
              (2 damage)
             ... on level 3 of the Dungeon.
             The game lasted 00:02:33 (2697 turns).

Kinoniko the Slasher (Draconian Monk)               Turns: 2697, Time: 00:02:34

Health: -1/40      AC:  6    Str: 19    XL:     4   Next: 58%
Magic:  4/4        EV: 13    Int: 11    God:
Gold:   167        SH:  0    Dex: 14    Spells: 3/3 levels left

rFire    . . .     SeeInvis .   a - +0 falchion
rCold    . . .     Faith    .   (no shield)
rNeg     . . .     Spirit   .   (armour unavailable)
rPois    .         Reflect  .   (helmet restricted)
rElec    .         Harm     .   m - scarf {repulsion}
rCorr    .         Rampage  .   (no gloves)
MR       .....                  n - +0 pair of boots
Stlth    ++........             (no amulet)
HPRegen  0.13/turn              d - +6 ring of strength
MPRegen  0.09/turn              (no ring)

@: repel missiles
A: unfitting armour, cold-blooded, AC +5
a: no special abilities


You were on level 3 of the Dungeon.
You visited 1 branch of the dungeon, and saw 3 of its levels.

You collected 167 gold pieces.

Inventory:

Hand Weapons
 a - a +0 falchion (weapon)
Armour
 m - a scarf of repulsion (worn)
 n - a +0 pair of boots (worn)
Jewellery
 d - a +6 ring of strength (left hand)
Scrolls
 b - 7 scrolls of identify {unknown}
 c - 3 scrolls of teleportation {unknown}
 f - 4 scrolls of remove curse {unknown}
 h - 2 scrolls of amnesia {unknown}
 j - 4 scrolls of random uselessness {unknown}
 k - a scroll of immolation {unknown}
Potions
 e - 3 potions of might {unknown}
 g - 4 potions of flight {unknown}
 i - a potion of invisibility {unknown}
 l - 2 potions of curing {unknown}
 o - 2 potions of magic {unknown}
 p - a potion of lignification {unknown}
 q - a potion of ambrosia {unknown}


   Skills:
 + Level 4.1 Fighting
 * Level 4.3 Long Blades
 + Level 3.3 Dodging
 - Level 1.7 Stealth


You had 3 spell levels left.
You didn't know any spells.
Your spell library contained the following spells:

 Spells                   Type           Power        Failure   Level
 Confusing Touch          Hex            #.......     71%         3
 Gell's Gravitas          Tloc           #.........   71%         3
 Petrify                  Tmut/Erth      #.......     98%         4
 Metabolic Englaciation   Hex/Ice        #.........   100%        5
 Yara's Violent Unravell  Hex/Tmut       #.........   100%        5


Dungeon Overview and Level Annotations

Branches:
Dungeon (3/15)

Altars:
Fedhas


Innate Abilities, Weirdness & Mutations

Your plain brown scales are hard. (AC +5)
You cannot fit into any form of body armour.
You are cold-blooded and may be slowed by cold attacks.


Message History

You are too injured to fight recklessly!
You are too injured to fight recklessly!
Unknown command.
You hit the orc priest.
The orc priest is lightly wounded.
The orc priest closely misses you.
An orc comes into view. It is wielding a +2 vorpal flail.
You barely miss the orc priest.
The orc priest is lightly wounded.
The orc priest barely misses you.
You barely miss the orc priest.
The orc priest is lightly wounded.
The orc priest mumbles some strange prayers to Beogh against you.
Beogh smites you!
* * * LOW HITPOINT WARNING * * *
You hit the orc priest but do no damage.
You tail-slap the orc priest.
The orc priest is moderately wounded.
The orc priest hits you with a +0 short sword.
You die...

##.## #8.8# ####.##
### #.###.##'# ..#
#........# #.#
....##.#### #.# # #
.##(#########.#####..
#[
#.##..........†ob.o...
#. #.##..##.#####@#
##. #.##..##.#
#.####### ...
#.##..##.#####........
#.
#.##...........#######
## ###.###.##.#######
........##.####
###.....)....(. ###
#..####..##.# .. #..#
#..# .# .. #.


You could see an orc priest, an orc and a bat.

Vanquished Creatures
  2 adders
  2 oozes
  2 dart slugs (D:2)
  2 leopard geckos
  9 orcs (D:3)
  5 bats
  4 giant cockroaches
  5 goblins
  14 hobgoblins
  A quokka (D:3)
  4 frilled lizards
  7 kobolds
  4 rats
61 creatures vanquished.

Notes
Turn   | Place    | Note
-------+----------+-------------------------------------------
     0 | D:1      | Kinoniko the Draconian Monk began the quest for the Orb.
     0 | D:1      | Reached XP level 1. HP: 19/19 MP: 1/1
   307 | D:1      | Reached XP level 2. HP: 13/26 MP: 2/2
   884 | D:1      | You fall into a shaft and drop 1 floor!
  1087 | D:2      | Reached XP level 3. HP: 33/33 MP: 3/3
  1391 | D:2      | Found a blossoming altar of Fedhas.
  2448 | D:3      | Reached XP level 4. HP: 40/40 MP: 4/4
  2696 | D:3      | HP: 1/40 [orc priest/divine providence (15)]
  2697 | D:3      | Slain by an orc priest

Illustrated notes

Levels and vault maps discovered:
D:1:      moated_graveyard_arrival, layout_loops_corners, minmay_bisected
D:2:      layout_basic, fedhas_altar_1, kennysheep_generic_room_8
D:3:      layout_loops_ring, chequers_ecumenical_altar_twisty,
          dk_noncrumbling_2, item_on_display_a

Skill      XL: |  1  2  3  4 |
---------------+-------------+-----
Dodging        | 3 |  3.3
Long Blades    | 4 |  4.3
Fighting       | 4 |  4.1
Stealth        | |  1.7

Action                   |  1- 3 |  4- 6 || total
-------------------------+-------+-------++-------
Melee: Falchion          |   133 |    47 ||   180
       Tailslap          |    19 |     8 ||    27
 Stab: Sleeping          |     7 |     1 ||     8
Armor: Skin              |    27 |     9 ||    36
Dodge: Dodged            |    96 |    25 ||   121
       Rpst.: Falchion   |    31 |    10 ||    41

Table legend: (Time is in decaauts)
 A = Elapsed time spent in this place.
 B = Non-inter-level travel time spent in this place.
 C = Inter-level travel time spent in this place.
 D = Time resting spent in this place.
 E = Time spent auto-exploring this place.
 F = Levels seen in this place.
 G = Mean time per level.
                   A        B        C        D        E       F      G
               +--------+--------+--------+--------+--------+-----+--------+
         Total |   2717 |   2608 |    109 |    293 |   1841 |   3 |  905.7 |
       Dungeon |   2717 |   2608 |    109 |    293 |   1841 |   3 |  905.7 |
               +--------+--------+--------+--------+--------+-----+--------+

Top non-repeatable levels by time:
     D:1: 1221 daAuts
     D:2: 1210 daAuts
     D:3: 285 daAuts
